 Dungeon Crawl Stone Soup version 0.26.1-11-gd32895ea62 (webtiles) character file.

Game seed: 12771121716029484324

27619 blackman the Fighter (level 13, -9/116 HPs)
             Began as a Pale Draconian Conjurer on July 7, 2021.
             Was a Priest of Vehumet.
             Killed from afar by Azrael (43 damage)
             ... with damnation
             ... on level 12 of the Dungeon.
             The game lasted 01:43:05 (26634 turns).

blackman the Fighter (Pale Draconian Conjurer)     Turns: 26634, Time: 01:43:06

Health: -9/116     AC: 13    Str: 11    XL:     13   Next: 5%
Magic:  2/25       EV: 12    Int: 23    God:    Vehumet [***...]
Gold:   908        SH:  4    Dex:  9    Spells: 8/28 levels left

rFire    + . .     SeeInvis .   (no weapon)
rCold    x . .     Faith    .   p - +0 buckler
rNeg     . . .     Spirit   .   (armour unavailable)
rPois    .         Reflect  .   (helmet restricted)
rElec    .         Harm     .   E - +1 cloak
rCorr    .         Rampage  .   m - +0 pair of gloves
Will     .....                  e - +1 pair of boots
Stlth    ++........             (no amulet)
HPRegen  0.29/turn              t - ring of wizardry
MPRegen  0.19/turn              w - ring of fire

@: about to teleport, studying Fighting
A: breathe steam, unfitting armour, cold-blooded, AC +8
a: Breathe Steam, Renounce Religion


You were on level 12 of the Dungeon.
You worshipped Vehumet.
Vehumet was most pleased with you.
You visited 2 branches of the dungeon, and saw 13 of its levels.
You also visited: Bailey.

You collected 908 gold pieces.

Inventory:

Hand Weapons
 g - a +0 short sword
 k - a +2 dagger of venom
 n - a +4 dagger of protection
 I - the +11 hunting sling of Demand {speed, +Blink rPois rF- rN++}
   (You found it on level 7 of the Dungeon)

   Attacks with this weapon are significantly faster.
   It makes you vulnerable to fire.
   It protects you from poison.
   It greatly protects you from negative energy.
   It lets you blink.
Missiles
 y - 8 atropa-tipped darts
 D - 8 curare-tipped darts
 H - 6 silver javelins
 J - 13 sling bullets
 K - 112 stones
Armour
 a - +0 ice dragon scales
 e - a +1 pair of boots (worn)
 m - a +0 pair of gloves (worn)
 p - a +0 buckler (worn)
 E - a +1 cloak (worn)
 P - a +0 cloak
Jewellery
 r - an uncursed amulet of guardian spirit
 t - a ring of wizardry (left hand)
 w - a ring of fire (right hand)
 B - a +4 ring of protection
Wands
 l - a wand of polymorph (19)
 o - a wand of random effects (84)
 q - a wand of flame (26)
 z - a wand of acid (3)
 V - a wand of paralysis (6)
Scrolls
 b - 5 scrolls of teleportation
 d - a scroll of enchant weapon
 f - 3 scrolls of fear
 h - a scroll of enchant armour
 j - 4 scrolls of immolation
 C - a scroll of blinking
 G - 4 scrolls of remove curse
 Q - a scroll of amnesia
 R - a scroll of silence
 S - a scroll of fog
 T - a scroll of noise
Potions
 c - 3 potions of brilliance
 i - 2 potions of degeneration
 s - 4 potions of heal wounds
 u - 5 potions of haste
 v - 5 potions of curing
 x - 2 potions of ambrosia
 A - a potion of lignification
 F - a potion of flight {unknown}
 L - a potion of attraction {unknown}
Books
 N - a manual of
Armour
 O - a manual of Fighting


   Skills:
 + Level 11.3 Fighting
 * Level 9.7 Slings
 - Level 1.8 Dodging
 - Level 1.8 Stealth
 - Level 4.0 Shields
 + Level 8.4 Spellcasting
 - Level 10.5 Conjurations
 * Level 11.1 Fire Magic


You had 8 spell levels left.
You knew the following spells:

 Your Spells              Type           Power        Failure   Level
a - Magic Dart            Conj           100%         1%          1
b - Searing Ray           Conj           100%         1%          2
c - Iskenderun's Mystic   Conj/Tloc      34%          1%          4
d - Fulminant Prism       Conj/Hex       17%          1%          4
e - Fireball              Conj/Fire      36%          1%          5
f - Sticky Flame          Conj/Fire      73%          1%          4

Your spell library contained the following spells:

 Spells                   Type           Power        Failure   Level
 Olgreb's Toxic Radiance  Pois           9%           8%          4
 Foxfire                  Conj/Fire      100%         1%          1
 Shock                    Conj/Air       100%         1%          1
 Conjure Flame            Conj/Fire      73%          1%          3
 Dazzling Flash           Conj/Hex       68%          1%          3
 Inner Flame              Hex/Fire       52%          1%          3
 Mephitic Cloud           Conj/Pois/Air  25%          1%          3
 Static Discharge         Conj/Air       34%          1%          3
 Lightning Bolt           Conj/Air       17%          2%          5
 Poisonous Vapours        Pois/Air       18%          4%          2
 Swiftness                Air            9%           4%          2
 Airstrike                Air            4%           8%          4
 Freezing Cloud           Conj/Ice/Air   12%          24%         6


Dungeon Overview and Level Annotations

Branches:
Dungeon (12/15)            Temple (1/1) D:7            Lair (0/6) D:11
    Orc (0/2) D:12         Bailey (visited)

Altars:
Ashenzari
Cheibriados
Dithmenos
Elyvilon
Fedhas
Gozag
Hepliaklqana
Kikubaaqudgha
Makhleb
Nemelex Xobeh
Okawaru
Qazlal
Ru
Sif Muna
Trog
Uskayaw
Vehumet
Wu Jian
Xom
Yredelemnul
Zin
The Shining One
Beogh

Shops:
D:8 (   D:10 (   D:11 (=[

Portals:
Trove: D:11 (give +5 ice dragon scales)

Annotations:
D:9 2 transporters, PaiMei's ghost, novice TeCj
D:12 Azrael


Innate Abilities, Weirdness & Mutations

You can breathe blasts of scalding, opaque steam.
Your pale cyan-grey scales are hard. (AC +8)
You cannot fit into any form of body armour.
You are cold-blooded and may be slowed by cold attacks.


Message History

The floor.
Press: ? - help, v - describe, . - travel
Here: Azrael, wielding a +3 scimitar of flaming (severely wounded)
The floor.
Okay, then.
Press: ? - help, v - describe, . - travel
Here: Azrael, wielding a +3 scimitar of flaming (severely wounded)
The floor.
Press: ? - help, v - describe, . - travel
Here: Azrael, wielding a +3 scimitar of flaming (severely wounded)
The floor.
As you read the scroll of teleportation, it crumbles to dust.
You feel strangely unstable. Azrael gestures at you.
The sphere of damnation explodes!
The damnation engulfs you!!
* * * LOW HITPOINT WARNING * * *
The damnation engulfs Azrael.
Azrael completely resists.
Azrael gestures at you.
The sphere of damnation explodes!
The damnation engulfs you!!!
You die...

.#
#.#.[...#8...#.#
.#
###########.##.#
.# #.........## .#
#..#####...## ##
#..####.....###
##..##.........#
#......###.###.#
##..######.#
##.....@..#
########R# #.#
########.##
####....E☼°..#
#......☼.##..#
#.##.###☼##..#####
#.##.###.........#
#.##.....##..###.#


You could see Azrael.

Vanquished Creatures
  4 two-headed ogres
  An unseen horror (D:9)
  2 ugly things
  A cyclops (D:11)
  A manticore (D:12)
  A gargoyle (D:11)
  A troll (D:9)
  Eustachio (D:3)
  A wyvern (D:9)
  7 yaks
  3 fire elementals (D:12)
  3 vampire mosquitoes (D:11)
  Menkaure (D:4)
  3 wargs (D:11)
  4 hell hounds (D:12)
  16 orc warriors
  Duvessa (D:4)
  4 sky beasts
  A phantom (D:10)
  2 ice beasts
  3 black bears
  A necrophage (D:8)
  4 ogres
  15 centaurs
  2 big kobolds
  7 bullfrogs
  6 scorpions
  Dowan (D:4)
  A water moccasin skeleton (D:7)
  5 wights (D:12)
  14 killer bees
  2 electric eels (D:4)
  5 howler monkeys
  3 jellies
  8 hounds
  A centaur skeleton (D:4)
  12 orc priests
  3 bullfrog skeletons
  Jessica (D:3)
  4 iguanas
  11 worker ants
  14 orc wizards
  2 hound skeletons
  10 adders
  5 gnolls
  2 shadow imps
  3 white imps
  6 ufetubi
  2 oozes
  An adder zombie (D:5)
  3 adder skeletons
  4 worms
  A dart slug (D:1)
  3 leopard geckos
  67 orcs
  7 giant cockroaches
  12 goblins
  5 hobgoblins
  8 jackals
  5 quokkas
  7 bats (D:1)
  5 frilled lizards
  A jackal zombie (D:4)
  15 kobolds
  A leopard gecko skeleton (D:4)
  A quokka skeleton (D:5)
  19 rats
376 creatures vanquished.

Vanquished Creatures (others)
  43 fulminant prisms
  3 plants
46 creatures vanquished.

Grand Total: 422 creatures vanquished

Notes
Turn   | Place    | Note
-------+----------+-------------------------------------------
     0 | D:1      | blackman the Draconian Conjurer began the quest for the
                  | Orb.
     0 | D:1      | Reached XP level 1. HP: 14/14 MP: 3/3
   147 | D:1      | Reached XP level 2. HP: 2/20 MP: 1/5
  1033 | D:1      | Reached XP level 3. HP: 26/26 MP: 3/6
  1649 | D:2      | Reached skill level 5 in Conjurations
  1701 | D:2      | Learned a level 2 spell: Searing Ray
  1973 | D:2      | Reached XP level 4. HP: 32/33 MP: 0/7
  2337 | D:2      | Found a burning altar of Makhleb.
  2819 | D:3      | Noticed Jessica
  2827 | D:3      | Killed Jessica
  2947 | D:3      | Reached XP level 5. HP: 38/38 MP: 5/8
  4040 | D:4      | Noticed Menkaure
  4040 | D:4      | Noticed Eustachio
  4055 | D:3      | Killed Eustachio
  4056 | D:3      | Reached XP level 6. HP: 40/45 MP: 1/9
  4806 | D:3      | Learned a level 4 spell: Iskenderun's Mystic Blast
  5153 | D:4      | Killed Menkaure
  5408 | D:4      | Found a transporter.
  5894 | D:4      | Found a transporter.
  5916 | D:4      | Your scales start taking on a pale cyan-grey colour.
  5916 | D:4      | Reached XP level 7. HP: 50/50 MP: 3/11
  6325 | D:4      | Learned a level 4 spell: Fulminant Prism
  6362 | D:4      | HP: 1/50 [electric eel/bolt of electricity (13)]
  7545 | D:4      | Reached XP level 8. HP: 45/57 MP: 3/13
  7550 | D:4      | Noticed Duvessa
  7679 | D:4      | Noticed Dowan
  7691 | D:4      | Killed Dowan
  8483 | D:4      | Killed Duvessa
  8562 | D:5      | Entered Level 5 of the Dungeon
  9353 | D:4      | Reached skill level 10 in Conjurations
  9633 | D:5      | Reached skill level 5 in Spellcasting
  9990 | D:5      | Learned a level 5 spell: Fireball
 10643 | D:6      | Reached skill level 1 in Fire Magic
 10931 | D:6      | Reached skill level 1 in Shields
 11668 | D:6      | Reached XP level 9. HP: 61/62 MP: 9/17
 13064 | D:7      | Found a staircase to the Ecumenical Temple.
 13071 | D:7      | Reached skill level 5 in Fire Magic
 13094 | Temple   | Entered the Ecumenical Temple
 13532 | Temple   | Became a worshipper of Vehumet
 14324 | D:7      | Got an iridescent hunting sling
 14325 | D:7      | Identified the +11 hunting sling of Demand {speed, +Blink
                  | rPois rF- rN++} (You found it on level 7 of the Dungeon)
 14894 | D:8      | Found Icsaczo's Weapon Shop.
 15303 | D:8      | Found a flagged portal.
 15314 | Bailey   | Entered a bailey
 16006 | Bailey   | Reached * piety under Vehumet
 16006 | Bailey   | Offered knowledge of Freeze by Vehumet.
 16469 | Bailey   | Reached XP level 10. HP: 54/69 MP: 13/19
 18203 | D:8      | Learned a level 4 spell: Sticky Flame
 18930 | D:8      | Noticed a two-headed ogre
 18948 | D:8      | Killed a two-headed ogre
 19509 | D:9      | Reached skill level 1 in Fighting
 19509 | D:9      | Reached skill level 1 in Slings
 19596 | D:9      | Killed an unseen horror
 19600 | D:9      | Offered knowledge of Sandblast by Vehumet.
 19821 | D:9      | Reached ** piety under Vehumet
 19941 | D:9      | Found a transporter.
 19949 | D:9      | Noticed a six-headed hydra
 19964 | D:9      | Noticed a cyclops
 20216 | D:9      | Found a transporter.
 20218 | D:9      | Noticed PaiMei's ghost (novice TeCj)
 20625 | D:10     | Entered Level 10 of the Dungeon
 20649 | D:10     | Reached skill level 5 in Fighting
 20650 | D:10     | Reached XP level 11. HP: 86/86 MP: 12/22
 20809 | D:10     | Noticed a two-headed ogre
 20818 | D:10     | Killed a two-headed ogre
 20979 | D:10     | Found Rewnoaha's Weapon Shoppe.
 21039 | D:10     | Reached skill level 5 in Slings
 21080 | D:10     | Offered knowledge of Stone Arrow by Vehumet.
 21777 | D:11     | Reached *** piety under Vehumet
 21869 | D:11     | Found a portal to a secret trove of treasure.
 22257 | D:11     | Noticed a red ugly thing
 22966 | D:11     | Killed a red ugly thing
 23455 | D:11     | Noticed a two-headed ogre
 23458 | D:11     | Offered knowledge of Olgreb's Toxic Radiance by Vehumet.
 23465 | D:11     | Killed a two-headed ogre
 23480 | D:11     | Found Tiwea's Antique Weapon Boutique.
 23639 | D:11     | Found Girily Qiac's Jewellery Shoppe.
 23677 | D:11     | Found Edatat's Armour Shop.
 23744 | D:11     | Found a staircase to the Lair.
 23887 | D:11     | Noticed a two-headed ogre
 23912 | D:11     | Killed a two-headed ogre
 24250 | D:12     | Found a staircase to the Orcish Mines.
 24582 | D:12     | Noticed a brown ugly thing
 24593 | D:12     | Killed a brown ugly thing
 24863 | D:12     | Found a roughly hewn altar of Beogh.
 24976 | D:12     | Noticed Azrael
 25373 | D:12     | Reached skill level 10 in Fighting
 25404 | D:12     | Reached **** piety under Vehumet
 25406 | D:12     | Reached XP level 12. HP: 106/106 MP: 16/23
 26361 | D:12     | Reached skill level 10 in Fire Magic
 26361 | D:12     | Reached XP level 13. HP: 116/116 MP: 23/25
 26634 | D:12     | Killed from afar by Azrael

Illustrated notes

Levels and vault maps discovered:
D:1:      scummos_arrival_hexagon, layout_loops_cross, minmay_quantized
D:2:      layout_loops_ring, makhleb_heckhound_becter
D:3:      layout_loops_ring, uniq_jessica
D:4:      gammafunk_steamed_eel, layout_cave_pools, uniq_menkaure,
          uniq_eustachio, uniq_duvessa
D:5:      layout_rooms, minmay_misc_feat_iff
D:6:      layout_cave_pools, chequers_serial_rivers_room_a, bh_walls_and_bars
D:7:      layout_loops_ring, minmay_temple_entry_drinking_statues
D:8:      layout_basic, enter_bailey_5, serial_shops, shop, eino_tiny_chamber,
          corexii_corridor_pit
D:9:      layout_long_grid, nzn_ghost_randoct, minivault_25
D:10:     layout_loops_ring, serial_shops, nicolae_shop_waterfront
D:11:     layout_basic, erik_lair_orcish_takeover, serial_shops,
          nicolae_shop_crystal, shop, shop, enter_trove_0
D:12:     layout_loops_corners, minmay_orc_entry_temple_small, uniq_azrael
Temple:   roderic_octagonal_lattice_temple

Skill      XL: |  1  2  3  4  5  6  7  8  9 10 11 12 13 |
---------------+----------------------------------------+-----
Conjurations   | 5 6 7 8 9 10 | 10.5
Spellcasting   | 3 5 6 7 8 |  8.4
Fire Magic     | 2 7 9 10 11 | 11.1
Shields        | 1 4 |  4.0
Fighting       | 5 10 11 | 11.3
Slings         | 4 8 9 |  9.7
Dodging        | |  1.8
Stealth        | |  1.8

Action                   |  1- 3 |  4- 6 |  7- 9 | 10-12 | 13-15 || total
-------------------------+-------+-------+-------+-------+-------++-------
Melee: Short sword       |    30 |       |       |       |       ||    30
       Tailslap          |     3 |     3 |     2 |       |       ||     8
       Dagger            |       |    31 |    23 |       |       ||    54
       Hunting sling     |       |       |       |     1 |       ||     1
 Fire: Hunting sling     |       |       |    70 |   316 |       ||   386
Throw: Dart              |       |       |       |     1 |       ||     1
       Javelin           |       |       |       |     3 |       ||     3
       Throwing net      |       |       |       |     1 |       ||     1
 Cast: Magic Dart        |    78 |    54 |    88 |    34 |       ||   254
       Searing Ray       |     2 |    14 |    38 |    15 |     6 ||    75
       Fulminant Prism   |       |       |    21 |    20 |     3 ||    44
       Fireball          |       |       |    17 |    38 |       ||    55
       Iskenderun's Myst |       |       |     1 |    10 |     5 ||    16
       Sticky Flame      |       |       |       |    10 |       ||    10
 Abil: Breathe Steam     |       |       |    11 |     9 |       ||    20
       Evoke Blink       |       |       |       |     2 |       ||     2
Evoke: Wand              |       |       |     2 |       |       ||     2
  Use: Scroll            |       |       |     9 |    14 |     2 ||    25
       Potion            |       |       |       |     1 |       ||     1
 Stab: Sleeping          |       |     2 |       |       |       ||     2
Armor: Skin              |    12 |    22 |    40 |    52 |     5 ||   131
Dodge: Dodged            |    27 |    37 |    85 |    69 |     7 ||   225
Block: Buckler           |       |       |       |     1 |     1 ||     2
